 Dungeon Crawl Stone Soup version 0.28.0 (webtiles) character file.

Game seed: 8284472160224834534

263 pkoi the Chopper (level 5, -1/46 HPs)
             Began as a Minotaur Gladiator on Feb 10, 2022.
             Slain by Grinder (6 damage)
             ... while paralysed by Grinder
             ... on level 4 of the Dungeon.
             The game lasted 00:03:14 (3191 turns).

pkoi the Chopper (Minotaur Gladiator)               Turns: 3191, Time: 00:03:14

Health: -1/46      AC:  9    Str: 21    XL:     5   Next: 97%
Magic:  4/4        EV:  2    Int:  5    God:
Gold:   176        SH:  0    Dex: 11    Spells: 4/4 levels left

rFire   . . .      SeeInvis .   a - +0 war axe
rCold   . . .      Faith    .   (no shield)
rNeg    . . .      Spirit   .   i - +0 chain mail
rPois   .          Reflect  .   c - +0 hat
rElec   .          Harm     .   (no cloak)
rCorr   .          Rampage  .   (no gloves)
Will    .....                   (no boots)
Stlth   ..........              (no amulet)
HPRegen 0.15/turn               (no ring)
MPRegen 0.09/turn               (no ring)

@: paralysed
A: horns 2, retaliatory headbutt
a: no special abilities


You were on level 4 of the Dungeon.
You visited 1 branch of the dungeon, and saw 4 of its levels.

You collected 176 gold pieces.

Inventory:

Hand Weapons
 a - a +0 war axe (weapon)
 e - the +9 rapier "Hidotrog" {antimagic, +Blink rF- rN+}
   (You found it on level 4 of the Dungeon)

   It reduces the magical energy of the wielder, and disrupts the spells and
   magical abilities of those it strikes.
   Natural abilities and divine invocations are not affected.
   rF:        It makes you vulnerable to fire.
   rN:        It protects you from negative energy.
   +Blink:    It lets you blink.
Missiles
 d - 3 throwing nets (quivered)
Armour
 b - a +0 leather armour
 c - a +0 hat (worn)
 i - a +0 chain mail (worn)
Scrolls
 f - a scroll of fog {unknown}
 h - a scroll of identify
Potions
 g - 2 potions of flight


   Skills:
 + Level 4.2 Fighting
 * Level 6.2 Axes
 - Level 2.0 Throwing
 + Level 3.0 Armour
 - Level 3.6 Dodging


You had 4 spell levels left.
You didn't know any spells.
Your spell library was empty.

Dungeon Overview and Level Annotations

Branches:
Dungeon (4/15)
 Temple: D:4-7

Altars:
Kikubaaqudgha
Uskayaw
Vehumet

Shops:
D:4 :**?

Annotations:
D:4 Grinder


Innate Abilities, Weirdness & Mutations

You have a pair of horns on your head.
You reflexively headbutt those who attack you in melee.


Message History

a +0 club; a +0 hunting sling; 22 stones Grinder comes into view.
Found 16 bolts.
Grinder shouts!
Grinder is nearby!
You see here a scroll labelled PATULEAVOU.
f - a scroll labelled PATULEAVOU You hit Grinder but do no damage.
Grinder gestures at you. Pain shoots through your body!
* * * LOW HITPOINT WARNING * * *
You closely miss Grinder. Grinder hits you.
* * * LOW HITPOINT WARNING * * *
Grinder barely misses you.
You closely miss Grinder. You headbutt Grinder.
Grinder is lightly wounded.
Grinder blinks!
Grinder barely misses you.
You slash Grinder!
Grinder is moderately wounded.
Grinder hits you.
* * * LOW HITPOINT WARNING * * *
You writhe in agony.
* * * LOW HITPOINT WARNING * * *
You slash Grinder!
Grinder is moderately wounded.
Grinder gestures at you.
You suddenly lose the ability to move!
Grinder gestures at you. You resist with significant effort. Grinder hits you.
* * * LOW HITPOINT WARNING * * *
Grinder hits you!
* * * LOW HITPOINT WARNING * * *
You writhe in agony.
* * * LOW HITPOINT WARNING * * *
Grinder hits you.
* * * LOW HITPOINT WARNING * * *
You writhe in agony.
You die...

##.....# .....###
#.....##### #......##
##.....#.... #......##
##.....#....#
##......#####....<...####
#................)####
####.........######...###
###.............#
###...####
####...#........@..#
###...##
#....###.......5...(#
###... ..####
#............# ###....
### #.............#
##...... #............##
###....... #............#
#......... #............#
#......... #..........#.#
##########


You could see Grinder.

Vanquished Creatures
  Menkaure (D:4)
  A scorpion (D:4)
  Natasha (D:2)
  An adder (D:2)
  2 worms
  A dart slug (D:2)
  An orc (D:4)
  5 ball pythons
  An endoplasm (D:2)
  2 giant cockroaches
  3 hobgoblins
  7 jackals
  8 kobolds
  2 quokkas
  3 bats
  2 frilled lizards
  4 goblins
  3 rats
48 creatures vanquished.

Notes
Turn   | Place    | Note
-------+----------+-------------------------------------------
     0 | D:1      | pkoi the Minotaur Gladiator began the quest for the Orb.
     0 | D:1      | Reached XP level 1. HP: 18/18 MP: 0/0
   272 | D:1      | Reached skill level 4 in Axes
   823 | D:1      | Reached XP level 2. HP: 3/25 MP: 1/1
  1978 | D:2      | Reached XP level 3. HP: 31/31 MP: 2/2
  2005 | D:2      | Reached skill level 1 in Armour
  2311 | D:2      | Noticed Natasha
  2317 | D:2      | Killed Natasha
  2318 | D:2      | Reached XP level 4. HP: 27/38 MP: 3/3
  2463 | D:3      | Found a radiant altar of Vehumet.
  2463 | D:3      | Found a hide-covered altar of Uskayaw.
  2467 | D:3      | Found an ancient bone altar of Kikubaaqudgha.
  2624 | D:4      | Identified the +9 rapier "Hidotrog" {antimagic, +Blink rF-
                  | rN+}
  2801 | D:4      | Noticed Menkaure
  2806 | D:4      | Reached skill level 5 in Axes
  2808 | D:4      | Killed Menkaure
  2809 | D:4      | Reached XP level 5. HP: 40/46 MP: 4/4
  2895 | D:4      | Reached skill level 6 in Axes
  2905 | D:4      | Found Bointergh's General Store.
  2907 | D:4      | Found Ydduisem's Book Shoppe.
  2909 | D:4      | Found Luehitid's General Store.
  2918 | D:4      | Found Uroomo's Magic Scroll Shoppe.
  2936 | D:4      | Identified the +1 robe of Hairiness {rElec Str-3 Int+4
                  | SInv}
  3177 | D:4      | Noticed Grinder
  3187 | D:4      | Paralysed by Grinder for 7 turns
  3191 | D:4      | Slain by Grinder

Illustrated notes

Levels and vault maps discovered:
D:1:      psy_arrival_dodecagon, layout_basic
D:2:      layout_basic, basic_ecumenical_altar, columned_hall_lemuel,
          chequers_serial_rivers_small_b, uniq_natasha
D:3:      layout_basic, chequers_temple_overflow_statue_of_worship, uniq_sigmund
D:4:      layout_cave_pods, minmay_shop_grid_forest, uniq_grinder, uniq_menkaure

Skill      XL: |  1  2  3  4  5 |
---------------+----------------+-----
Axes           | 4 5 6 |  6.2
Fighting       | 3 4 |  4.2
Armour         | 1 2 3 |  3.0
Throwing       | |  2.0
Dodging        | |  3.6

Action                   |  1- 3 |  4- 6 || total
-------------------------+-------+-------++-------
Melee: War axe           |    76 |    38 ||   114
       Headbutt          |     8 |     5 ||    13
  Use: Scroll            |       |     4 ||     4
Armor: Leather armour    |    19 |       ||    19
       Chain mail        |       |    25 ||    25
Dodge: Dodged            |    46 |    18 ||    64
